 Dungeon Crawl Stone Soup version 0.16.1-30-g34a7ffa (webtiles) character file.

292938 Krapule the Slingshot (level 21, -9/155 HPs)
             Began as a Halfling Hunter on June 19, 2015.
             Was the Champion of Okawaru.
             Killed by divine providence
             ... invoked by a sphinx
              (13 damage)
             ... on level 3 of the Vaults.
             The game lasted 06:01:18 (53848 turns).

Krapule the Slingshot (Halfling Hunter)            Turns: 53848, Time: 06:01:21

Health: -9/155     AC: 25    Str: 18    XL:     21   Next: 70%
Magic:  22/22      EV: 27    Int: 22    God:    Okawaru [******]
Gold:   1222       SH: 19    Dex: 26    Spells: 0 memorised, 20 levels left

rFire  . . .     SeeInvis .     a - +7 quick blade of Blaf {freeze, rN+ Str+4 Int+3 Dex+3}
rCold  + . .     Clarity  .     I - +4 scale mail "Kad Cuho" {Regen+ Dex+3 Stlth+}
rNeg   + + .     SustAb   .     M - +5 shield "Pheithau" {+Blink rElec rPois Dex-3}
rPois  +         Gourm    .     y - +1 helmet "Vuttioscho" {rCorr MP-9 Int+4}
rElec  +         Spirit   .     d - +0 cloak
rCorr  +         Warding  .     h - +2 pair of gloves {archery}
rMut   .         Stasis   .     K - +2 pair of boots {Stlth+}
MR     +....                    q - amulet of regeneration
Stlth  +++++++...               w - ring "Chuopruu" {rC+ Slay+3}
                                F - ring of Symmetry {rN+ Int+5}

@: very slightly contaminated, slowed, very slow, somewhat resistant to hostile
enchantments, extremely stealthy
A: mutation resistance 1
a: Heroism, Finesse, Renounce Religion, Evoke Blink
}: 2/15 runes: barnacled, gossamer


You were on level 3 of the Vaults.
You worshipped Okawaru.
Okawaru was exalted by your worship.
You were not hungry.

You visited 7 branches of the dungeon, and saw 41 of its levels.
You visited 1 bazaar.
You also visited: Labyrinth and Sewer.

You collected 3937 gold pieces.
You spent 2715 gold pieces at shops.

Inventory:

Hand weapons
 a - the +7 quick blade of Blaf (weapon) {freeze, rN+ Str+4 Int+3 Dex+3}
   (Okawaru gifted it to you on level 2 of the Spider Nest)

   It has been specially enchanted to freeze those struck by it, causing extra
   injury to most foes and up to half again as much damage against particularly
   susceptible opponents.
   It can also slow down cold-blooded creatures.
   It affects your strength (+4).
   It affects your intelligence (+3).
   It affects your dexterity (+3).
   It protects you from negative energy.
 b - the +9 hunting sling of Innocence {venom, rF+ rC++ Int-4 Dex+4}
   (Okawaru gifted it to you on level 13 of the Dungeon)

   It poisons the ammo it fires.
   It affects your intelligence (-4).
   It affects your dexterity (+4).
   It protects you from fire.
   It greatly protects you from cold.
 A - the +7 greatsling "Punk" {freeze, rC+}
   (Okawaru gifted it to you on level 3 of the Vaults)

   It causes projectiles fired from it to freeze those they strike, causing
   extra injury to most foes and up to half again as much damage against
   particularly susceptible opponents.
   They can also slow down cold-blooded creatures.
   It protects you from cold.
 C - a +1 hunting sling of evasion
 G - a +1 dagger of speed
Missiles
 c - 140 sling bullets
 g - 434 stones (quivered)
 s - 21 sling bullets of flame
 v - 64 poisoned sling bullets
 B - 19 sling bullets of frost
 P - 30 exploding sling bullets
 V - 20 silver sling bullets
Armour
 d - a +0 cloak (worn)
 h - a +2 pair of gloves of archery (worn)
 n - the +1 chain mail of Greater Demons {rF+ rCorr, unknown}
   (You found it on level 1 of the Vaults)

   It protects you from fire.
   It protects you from acid and corrosion.
 p - a quicksilver dragon armour
 y - the +1 helmet "Vuttioscho" (worn) {rCorr MP-9 Int+4}
   (You acquired it on level 8 of the Dungeon)

   It affects your intelligence (+4).
   It affects your magic capacity (-9).
   It protects you from acid and corrosion.
 I - the +4 scale mail "Kad Cuho" (worn) {Regen+ Dex+3 Stlth+}
   (You found it on level 5 of the Shoals)

   It affects your dexterity (+3).
   It increases your rate of regeneration.
   It makes you more stealthy.
 K - a +2 pair of boots of stealth (worn)
 M - the +5 shield "Pheithau" (worn) {+Blink rElec rPois Dex-3}
   (Okawaru gifted it to you on level 14 of the Dungeon)

   It affects your dexterity (-3).
   It insulates you from electricity.
   It protects you from poison.
   It lets you blink.
Rods
 Y - a +3 rod of shadows (11/11)
   (You found it in a labyrinth)
Jewellery
 j - an uncursed ring of protection from fire
 q - an amulet of regeneration (around neck)
 r - an uncursed ring of flight
 t - an uncursed ring of see invisible
 u - an uncursed ring of sustain abilities
 w - the ring "Chuopruu" (right hand) {rC+ Slay+3}
   (You found it on level 15 of the Dungeon)

   [ring of slaying]

   It affects your accuracy and damage with ranged weapons and melee attacks
   (+3).
   It protects you from cold.
 F - the ring of Symmetry (left hand) {rN+ Int+5}
   (You took it off an orc on level 4 of the Dungeon)

   [ring of positive energy]

   It affects your intelligence (+5).
   It protects you from negative energy.
Magical devices
 e - a wand of invisibility (3)
 m - a wand of hasting (0)
 D - a wand of confusion (37)
 H - a wand of teleportation (0)
 J - a wand of heal wounds (0)
 L - a wand of digging (16)
 N - a wand of paralysis (0)
Scrolls
 i - 12 scrolls of identify
 o - 16 scrolls of remove curse
 Q - 3 scrolls of magic mapping
 R - a scroll of fog
 W - a scroll of blinking
Potions
 k - a potion of flight
 l - 10 potions of curing
 x - a potion of agility
 z - 2 potions of might
 T - a potion of invisibility
Books
 O - a book of Changes

   Spells                             Type                      Level
   a - Beastly Appendage              Transmutation                1
   b - Sticks to Snakes               Transmutation                2
   c - Spider Form                    Transmutation/Poison         3
   d - Ice Form                       Ice/Transmutation            4
   e - Blade Hands                    Transmutation                5
Comestibles
 f - 9 bread rations
 E - 11 royal jellies


   Skills:
 + Level 16.8 Fighting
 - Level 10.0 Short Blades
 + Level 23.9 Slings
 + Level 14.1 Armour
 - Level 15.0 Dodging
 + Level 12.7 Stealth
 - Level 12.0 Shields
 - Level 8.0 Invocations


You had 20 spell levels left.
You didn't know any spells.

Dungeon Overview and Level Annotations

Branches:
Dungeon (15/15)            Temple (1/1) D:6            Lair (8/8) D:8
 Shoals (5/5) Lair:3       Spider (5/5) Lair:6        Slime (0/6) Lair:8
    Orc (4/4) D:10            Elf (0/3) Orc:3        Vaults (3/5) D:14
 Depths (0/5) D:15
  Crypt: Vaults:2-3

Altars:
Ashenzari
Cheibriados
Dithmenos
Elyvilon
Fedhas
Gozag
Kikubaaqudgha
Makhleb
Nemelex Xobeh
Okawaru
Qazlal
Ru
Sif Muna
Trog
Vehumet
Xom
Yredelemnul
Zin
The Shining One

Shops:
D:7 *   D:9 [   D:11 !   Orc:4 ([%*=   Shoals:1 =%[(   Shoals:5 (   Vaults:1 ?
Vaults:2 (

Annotations:
D:15 Kirke
Lair:2 exclusion: oklob plant
Vaults:2 Mennas


Innate Abilities, Weirdness & Mutations

You are small and have problems with some larger weapons.
You are somewhat resistant to further mutation.


Message History

You block the sphinx's attack. The sphinx completely misses you.
The yaktaur closely misses you.
The vault warden activates a sealing rune.
The vault warden hits you with a great mace!!
* * * LOW HITPOINT WARNING * * *
The yaktaur hits you!
* * * LOW HITPOINT WARNING * * *
Evoke which item? (* to show all) (? for menu, Esc to quit)
Okay, then.
Read which item? (? for menu, Esc to quit)
Blink to where?
Press: ? - help, Dir - move target cursor You are very lightly contaminated with residual magic.
As you read the scroll of blinking, it crumbles to dust.
The sphinx casts a spell.
Something smites you!
* * * LOW HITPOINT WARNING * * *
The sphinx casts a spell.
Something smites you!
You die...

###+############
#....ยง)).......#
#...H#pc.(.(#..#
#.#......#(....#
#.....#.....)#.#
#####..#......#)(.(#####
........................
#....########.).#....
#.@# #()().#.. #.....#
#.)#).... ....#...#
#....#... ........#
#........ # #######
#########


You could see a sphinx, a vault warden and a yaktaur.

Vanquished Creatures
  Saint Roka (Shoals:2)
  A sphinx (Vaults:3)
  2 krakens
  Agnes (Vaults:1)
  Ilsuiw (Shoals:5)
  Donald (Vaults:1)
  Wiglaf (Spider:4)
  2 orc warlords
  3 ghost moths (Spider:5)
  A frost giant (Vaults:3)
  9 vault wardens
  7 emperor scorpions
  Gastronok (D:8)
  8 ironheart preservers
  A very ugly thing (Vaults:2)
  2 stone giants
  The ghost of Vojta the Cleaver, a powerful DDFi of Makhleb (Lair:4)
  Azrael (Spider:4)
  5 dire elephants (Lair:8)
  3 rakshasas (D:15)
  4 merfolk javelineers
  4 vault guards
  An ettin (Vaults:3)
  4 fire dragons
  A crystal guardian (Vaults:3)
  A minotaur (Lab)
  11 merfolk impalers
  4 yaktaur captains
  An ogre mage (Vaults:1)
  Harold (D:13)
  8 centaur warriors
  A great orb of eyes (Vaults:1)
  2 deep troll earth magi
  Nessos (D:13)
  2 alligator snapping turtles (Shoals:4)
  8 merfolk avatars
  8 hydras
  12 death yaks
  3 merfolk aquamancers
  An anaconda (Lair:8)
  2 satyrs
  2 deep troll shamans
  3 orc high priests (Orc:4)
  A deep elf knight (Vaults:1)
  14 skeletal warriors
  9 sea snakes
  A giant orange brain (Vaults:1)
  A lindwurm (Lair:1)
  31 harpies
  A deep elf summoner (Vaults:3)
  4 hill giants
  2 unseen horrors
  5 deep trolls
  24 orb spiders
  5 ironbrand convokers
  3 necromancers
  11 griffons
  10 orc knights
  2 wolf spider zombies
  30 wolf spiders
  7 water nymphs
  3 wizards
  26 ugly things
  A hornet (Spider:3)
  10 cyclopes
  11 manticores
  14 fauns
  2 deep elf conjurers (D:15)
  14 elephants
  6 orc sorcerers
  A sixfirhy (Orc:4)
  5 vault sentinels
  4 black mambas
  3 drowned souls
  12 sirens
  2 moths of wrath (Spider:4)
  7 centaur zombies
  3 torpor snails
  A naga mage (D:15)
  A queen ant (Lair:5)
  2 gargoyles
  3 fire drakes
  15 spiny frogs
  4 komodo dragons
  3 kobold demonologists
  28 merfolk
  A freezing wraith (Vaults:3)
  A queen bee (D:8)
  A troll (shapeshifter) (Vaults:2)
  16 yaktaurs
  26 jumping spiders
  8 trolls
  10 demonic crawlers
  A deep elf priest (Vaults:1)
  2 wind drakes (Shoals:5)
  2 harpy skeletons (D:15)
  A trapdoor spider zombie (D:9)
  Grinder (D:3)
  3 two-headed ogres
  3 boulder beetles
  14 snapping turtles
  10 blink frogs
  A boulder beetle (shapeshifter) (Vaults:1)
  17 slime creatures
  3 basilisks
  4 deep elf magi
  2 ravens (Lair:8)
  13 water elementals
  A tarantella (shapeshifter) (Vaults:1)
  2 shadows
  3 wyverns
  58 redbacks
  2 steam dragons
  19 humans
  26 yaks
  25 trapdoor spiders
  6 fire bats (Lair:6)
  Eustachio (D:8)
  2 fire elementals (Spider:4)
  5 deep elf fighters
  24 tarantellas
  3 hogs (D:15)
  18 vampire mosquitoes
  3 hungry ghosts
  2 wraiths
  7 wolves
  2 hogs (shapeshifter)
  4 wargs
  10 hippogriffs
  2 mottled dragons
  12 soldier ants (Lair:5)
  A hornet simulacrum (Vaults:1)
  2 sky beasts
  2 hell hounds (Spider:4)
  A sky beast (shapeshifter) (D:15)
  A swamp drake (D:10)
  15 water moccasins
  4 ice beasts
  3 eyes of draining
  35 orc warriors
  6 phantoms
  21 spiders
  16 ogres
  5 boring beetles
  9 porcupines
  2 black bears
  A necrophage (D:13)
  2 wasps
  29 centaurs
  Duvessa (D:4)
  8 boggarts
  16 crocodiles
  7 big kobolds
  22 giant frogs
  9 scorpions
  2 wyvern skeletons
  2 water moccasin skeletons
  5 wights (D:13)
  6 jellies
  28 killer bees
  A lava snake (Lair:6)
  5 goliath beetles
  3 quasits
  Dowan (D:4)
  6 centaur skeletons
  A human zombie (D:14)
  3 iron imps (D:6)
  4 crimson imps
  3 giant frog skeletons
  29 orc wizards
  A giant frog zombie (D:13)
  A gnoll shaman (D:6)
  9 hounds
  34 orc priests
  8 iguanas
  49 worker ants
  A killer bee zombie (D:9)
  16 sheep
  A hound zombie (D:4)
  3 mummies
  A hound skeleton (D:6)
  Robin (D:4)
  26 adders
  2 worker ant zombies
  26 river rats
  5 giant mites
  8 gnolls
  3 shadow imps
  6 worms
  An orc zombie (Orc:4)
  3 adder zombies
  7 giant geckos
  2 oozes
  171 orcs
  A bat skeleton (D:7)
  2 bat zombies (D:7)
  8 giant cockroaches
  34 goblins
  17 hobgoblins
  8 jackals (D:4)
  15 quokkas
  3 ball pythons
  15 bats
  10 giant newts
  A giant spore (D:11)
  46 kobolds
  A quokka skeleton (D:8)
  18 rats
  A ballistomycete (D:11)
  3 fungi
  9 plants
  2 tentacles
1752 creatures vanquished.

Vanquished Creatures (others)
  An ugly thing (D:15)
  A drowned soul (Shoals:3)
  3 humans (D:14)
  2 human zombies (D:14)
  A fungus (Lair:8)
  4 plants (Lair:8)
  26 tentacles
  1068 tentacle segments
1106 creatures vanquished.

Grand Total: 2858 creatures vanquished

Notes
Turn   | Place    | Note
--------------------------------------------------------------
     0 | D:1      | Krapule, the Halfling Hunter, began the quest for the Orb.
     0 | D:1      | Reached XP level 1. HP: 14/14 MP: 1/1
   190 | D:1      | Reached skill level 6 in Slings
   202 | D:1      | Reached XP level 2. HP: 19/19 MP: 2/2
   708 | D:2      | Reached XP level 3. HP: 12/24 MP: 3/3
  1006 | D:2      | Reached XP level 4. HP: 20/29 MP: 4/4
  1176 | D:2      | Found a blossoming altar of Fedhas.
  1373 | D:2      | Found a snail-covered altar of Cheibriados.
  1928 | D:3      | Noticed Grinder
  2032 | D:3      | Gained mutation: You are clumsy. (Dex -2) [potion of mutation]
  2032 | D:3      | Gained mutation: You have large cloven feet. [potion of mutation]
  2325 | D:3      | Paralysed by Grinder for 4 turns
  2331 | D:3      | Killed Grinder
  2331 | D:3      | Reached skill level 7 in Slings
  2331 | D:3      | Reached XP level 5. HP: 27/36 MP: 5/5
  2331 | D:3      | Reached XP level 6. HP: 31/42 MP: 6/6
  2480 | D:3      | Found a glowing drain.
  2521 | Sewer    | Entered a sewer
  2820 | Sewer    | Reached skill level 1 in Short Blades
  2820 | Sewer    | Reached skill level 1 in Armour
  2820 | Sewer    | Reached XP level 7. HP: 39/46 MP: 7/7
  3650 | D:4      | Noticed Robin
  4054 | D:4      | Reached skill level 8 in Slings
  4067 | D:4      | Killed Robin
  4237 | D:4      | Found a sacrificial altar of Ru.
  4343 | D:4      | Reached XP level 8. HP: 54/54 MP: 8/8
  4669 | D:4      | Found an ancient bone altar of Kikubaaqudgha.
  4808 | D:4      | Noticed Dowan
  4913 | D:4      | Noticed Duvessa
  4914 | D:4      | Got a warped iron ring
  4927 | D:4      | Killed Dowan
  4927 | D:4      | Reached skill level 5 in Stealth
  4956 | D:4      | Killed Duvessa
  5174 | D:4      | Reached skill level 5 in Dodging
  5836 | D:5      | Entered Level 5 of the Dungeon
  5941 | D:5      | Reached skill level 9 in Slings
  6169 | D:5      | Reached XP level 9. HP: 38/60 MP: 4/9
  6567 | D:5      | Reached skill level 5 in Fighting
  7003 | D:6      | Identified the ring of Symmetry {rN+ Int+5} (You took it off an orc on level 4 of the Dungeon)
  7036 | D:6      | Found a staircase to the Ecumenical Temple.
  7046 | Temple   | Entered the Ecumenical Temple
  7117 | Temple   | Became a worshipper of Warmaster Okawaru
  7738 | D:6      | Reached skill level 10 in Slings
  7823 | D:6      | Found a burning altar of Makhleb.
  7941 | D:6      | Acquired Okawaru's first power
  8053 | D:6      | Found an opulent altar of Gozag.
  8053 | D:6      | Found a radiant altar of Vehumet.
  8510 | D:7      | Found Zin's Purification Station.
  8513 | D:7      | Found a glowing silver altar of Zin.
  8513 | D:7      | Noticed an eight-headed hydra
  8548 | D:7      | Killed an eight-headed hydra
  8548 | D:7      | Reached skill level 5 in Short Blades
  8548 | D:7      | Reached XP level 10. HP: 66/68 MP: 10/10
  9026 | D:7      | Reached skill level 11 in Slings
 10190 | D:8      | Noticed Gastronok
 10192 | D:8      | Identified a scroll of acquirement
 10193 | D:8      | Got an ancient helmet
 10497 | D:8      | Noticed Eustachio
 10655 | D:8      | Identified the +1 helmet "Vuttioscho" {rCorr MP-9 Int+4} (You acquired it on level 8 of the Dungeon)
 10724 | D:8      | Received a gift from Okawaru
 10757 | D:8      | Reached XP level 11. HP: 34/75 MP: 2/11
 10812 | D:8      | Found a staircase to the Lair.
 11316 | D:8      | Killed Gastronok
 11316 | D:8      | Received a gift from Okawaru
 11316 | D:8      | Acquired Okawaru's second power
 11316 | D:8      | Reached skill level 12 in Slings
 11428 | D:8      | Killed Eustachio
 11754 | D:8      | Found a stormy altar of Qazlal.
 11811 | D:9      | Received a gift from Okawaru
 11923 | D:9      | Found Sadaih's Antique Armour Shop.
 11944 | D:9      | Bought a pair of glowing gloves for 130 gold pieces
 12390 | D:9      | Bought a shield for 130 gold pieces
 12437 | D:9      | Found a blossoming altar of Fedhas.
 12437 | D:9      | Found a sparkling altar of Nemelex Xobeh.
 12808 | D:10     | Entered Level 10 of the Dungeon
 13210 | D:10     | Received a gift from Okawaru
 13351 | D:10     | Found a staircase to the Orcish Mines.
 13551 | D:10     | Reached skill level 1 in Shields
 13551 | D:10     | Reached XP level 12. HP: 66/82 MP: 3/12
 13786 | D:10     | Noticed a hill giant
 13826 | D:10     | Killed a hill giant
 13826 | D:10     | Received a gift from Okawaru
 13826 | D:10     | Reached skill level 10 in Stealth
 13883 | D:10     | Reached skill level 13 in Slings
 14878 | D:11     | Found Cigiadeu's Distillery.
 14885 | D:11     | Bought a potion of heal wounds for 65 gold pieces
 14885 | D:11     | Bought a potion of heal wounds for 65 gold pieces
 15111 | D:12     | Reached skill level 10 in Dodging
 15233 | D:12     | Received a gift from Okawaru
 15521 | Lair:1   | Entered Level 1 of the Lair of Beasts
 15599 | Lair:1   | Reached skill level 14 in Slings
 15656 | Lair:1   | Received a gift from Okawaru
 16322 | Lair:1   | Found a dark tunnel.
 16867 | Lair:2   | Received a gift from Okawaru
 16867 | Lair:2   | Reached XP level 13. HP: 90/90 MP: 4/13
 17134 | Lair:2   | Reached skill level 5 in Shields
 17925 | Lair:3   | Found a labyrinth entrance.
 17952 | Lab      | Entered a labyrinth
 18343 | Lab      | Noticed a minotaur
 18363 | Lab      | Killed a minotaur
 18395 | Lab      | Got a scorched war axe
 18507 | D:8      | Identified the +4 war axe of Defiance {venom, Noisy +Blink MP-9 Str+10} (You found it in a labyrinth)
 18977 | Lair:3   | Found a staircase to the Shoals.
 19209 | Lair:4   | Noticed Vojta's ghost (powerful DDFi)
 19321 | Lair:4   | Reached skill level 10 in Short Blades
 19662 | Lair:4   | Killed Vojta's ghost
 19703 | Lair:4   | Reached skill level 15 in Slings
 20640 | Lair:4   | Received a gift from Okawaru
 21011 | Lair:5   | Reached skill level 10 in Fighting
 21596 | Lair:5   | Reached XP level 14. HP: 72/99 MP: 5/14
 22468 | D:12     | Received a gift from Okawaru
 22573 | D:12     | Reached skill level 1 in Invocations
 22895 | D:13     | Received a gift from Okawaru
 23518 | D:13     | Noticed Nessos
 23587 | D:13     | Killed Nessos
 23587 | D:13     | Received a gift from Okawaru
 23588 | D:13     | Got a transparent hunting sling {god gift}
 23589 | D:13     | Identified the +9 hunting sling of Innocence {venom, rF+ rC++ Int-4 Dex+4} (Okawaru gifted it to you on level 13 of the Dungeon)
 23650 | D:13     | Noticed Harold
 23659 | D:13     | Killed Harold
 23938 | D:14     | Reached skill level 16 in Slings
 24190 | D:15     | Entered Level 15 of the Dungeon
 24560 | D:15     | Got a translucent granite ring
 24562 | D:15     | Identified the ring "Chuopruu" {rC+ Slay+3} (You found it on level 15 of the Dungeon)
 24604 | D:15     | Received a gift from Okawaru
 24652 | D:15     | Got a faintly humming helmet
 24664 | D:15     | Identified the +0 helmet of Crenif {Int+6} (You acquired it on level 15 of the Dungeon)
 24759 | D:15     | Noticed Kirke
 24767 | D:15     | Noticed a sphinx
 24906 | D:15     | Received a gift from Okawaru
 24965 | D:15     | Got a pair of warped gloves {god gift}
 24976 | D:15     | Identified the -2 pair of gloves of Complete Protection {rElec rC+ Str-5 Int+5} (Okawaru gifted it to you on level 15 of the Dungeon)
 25145 | D:15     | Reached skill level 5 in Invocations
 25170 | D:15     | Reached XP level 15. HP: 79/106 MP: 14/23
 26100 | Lair:6   | Reached skill level 10 in Shields
 26221 | Lair:6   | Found a hole to the Spider Nest.
 26921 | D:8      | Identified a +3 rod of shadows (11/11) (You found it in a labyrinth)
 27610 | Lair:7   | Reached skill level 17 in Slings
 27788 | Lair:7   | Received a gift from Okawaru
 28665 | Lair:8   | Entered Level 8 of the Lair of Beasts
 29149 | Lair:8   | Found a staircase to the Slime Pits.
 29156 | Lair:8   | Received a gift from Okawaru
 29706 | Lair:5   | Reached XP level 16. HP: 88/114 MP: 18/27
 31333 | D:8      | Identified a +0 rod of ignition (9/9) (You took it off a minotaur in a labyrinth)
 31823 | D:14     | Found a gate to the Vaults.
 31889 | D:14     | Received a gift from Okawaru
 31919 | D:14     | Got a slimy shield {god gift}
 31930 | D:14     | Identified the +5 shield "Pheithau" {+Blink rElec rPois Dex-3} (Okawaru gifted it to you on level 14 of the Dungeon)
 31947 | D:14     | Reached skill level 18 in Slings
 32813 | D:15     | Found a staircase to the Depths.
 33162 | Orc:1    | Entered Level 1 of the Orcish Mines
 34363 | Orc:3    | Found a staircase to the Elven Halls.
 34725 | Orc:4    | Entered Level 4 of the Orcish Mines
 34780 | Orc:4    | Found Twinlegh's Food Shop.
 35380 | Orc:4    | Received a gift from Okawaru
 35391 | Orc:4    | Reached XP level 17. HP: 121/121 MP: 19/28
 35928 | Orc:4    | Paralysed by an orc sorcerer for 4 turns
 35976 | Orc:4    | Found Xiuboaf's Antique Armour Shoppe.
 35977 | Orc:4    | Found Kuwiunul's Antique Weapon Emporium.
 35978 | Orc:4    | Found Traaxod's General Store.
 35978 | Orc:4    | Found Stiezoit's Jewellery Shoppe.
 35994 | Orc:4    | Bought a slimy plate armour for 868 gold pieces
 35994 | Orc:4    | Identified the +2 plate armour of Limitation {-Tele rF++ Int-3 Slay+3 Stlth+} (You bought it in a shop on level 4 of the Orcish Mines)
 36550 | Spider:1 | Entered Level 1 of the Spider Nest
 37004 | Spider:1 | Reached skill level 19 in Slings
 37113 | Spider:2 | Reached skill level 15 in Dodging
 37168 | Spider:2 | Received a gift from Okawaru
 37407 | Spider:2 | Received a gift from Okawaru
 37410 | Spider:2 | Got a crude quick blade {god gift}
 37411 | Spider:2 | Identified the +7 quick blade of Blaf {freeze, rN+ Str+4 Int+3 Dex+3} (Okawaru gifted it to you on level 2 of the Spider Nest)
 38000 | Spider:3 | Reached skill level 5 in Armour
 38287 | Spider:3 | Received a gift from Okawaru
 39443 | Spider:4 | Noticed Azrael
 39468 | Spider:4 | Killed Azrael
 39497 | Spider:4 | Reached skill level 20 in Slings
 39635 | Spider:4 | Reached XP level 18. HP: 130/130 MP: 20/29
 39678 | Spider:4 | Noticed Wiglaf
 39720 | Spider:4 | Killed Wiglaf
 40556 | Spider:5 | Entered Level 5 of the Spider Nest
 40980 | Spider:5 | Received a gift from Okawaru
 41820 | Spider:5 | Received a gift from Okawaru
 42329 | Spider:5 | Got a gossamer rune of Zot
 42555 | Spider:5 | Reached skill level 21 in Slings
 42610 | Spider:5 | Received a gift from Okawaru
 42614 | Spider:5 | Got a jewelled plate armour {god gift}
 42648 | Spider:5 | Identified the +7 plate armour of the Queen {rPois rC+ Int+4} (Okawaru gifted it to you on level 5 of the Spider Nest)
 43116 | Shoals:1 | Entered Level 1 of the Shoals
 43117 | Shoals:1 | Found Phaemud's Jewellery Boutique.
 43305 | Shoals:1 | Found Utaod's Weapon Shoppe.
 43416 | Shoals:1 | Found a flickering gateway to a bazaar.
 43429 | Bazaar   | Entered a bazaar
 43429 | Bazaar   | Found Deoj's Antique Weapon Shop.
 43443 | Bazaar   | Found Khous Duhoth's Antique Armour Emporium.
 43454 | Bazaar   | Found Humubeh's Magic Scroll Boutique.
 43461 | Bazaar   | Found Cruh's Gadget Boutique.
 43463 | Bazaar   | Bought a scroll of enchant weapon for 112 gold pieces
 43463 | Bazaar   | Bought a scroll of blinking for 112 gold pieces
 43473 | Bazaar   | Found Eguojuu's General Store.
 43498 | Bazaar   | Bought the +3 Elemental Staff {rElec rF++ rC++ MR++ AC+5} for 1233 gold pieces
 43523 | Shoals:1 | Found Pnaisi's Food Emporium.
 43823 | Shoals:1 | Found Stroth's Armour Emporium.
 43836 | Shoals:1 | Reached XP level 19. HP: 134/137 MP: 20/29
 44036 | Shoals:2 | Found a runed door.
 44047 | Shoals:2 | Reached skill level 10 in Armour
 44209 | Shoals:2 | Noticed Saint Roka
 45069 | Shoals:2 | Reached skill level 15 in Fighting
 45651 | Shoals:2 | Killed Saint Roka
 45728 | Shoals:2 | Received a gift from Okawaru
 46182 | Shoals:3 | Reached skill level 22 in Slings
 46310 | Shoals:3 | Lost mutation: You are clumsy. (Dex -2) [potion of cure mutation]
 46310 | Shoals:3 | Lost mutation: You have large cloven feet. [potion of cure mutation]
 46523 | Shoals:4 | Got a distressingly furry ring mail
 46526 | Shoals:4 | Identified the +5 ring mail of Context {rC+ Int+3 Slay-2} (You found it on level 4 of the Shoals)
 46643 | Shoals:4 | Got an ichor-stained chain mail
 46644 | Shoals:4 | Identified the +7 chain mail "Triajobi" {rN+} (You found it on level 4 of the Shoals)
 47602 | Shoals:5 | Entered Level 5 of the Shoals
 47728 | Shoals:5 | Reached XP level 20. HP: 142/146 MP: 21/30
 47887 | Shoals:5 | Received a gift from Okawaru
 47988 | Shoals:5 | Got a barnacled rune of Zot
 48106 | Shoals:5 | Got a smoking scale mail
 48163 | Shoals:5 | Noticed Ilsuiw
 48210 | Shoals:5 | Identified the +4 scale mail "Kad Cuho" {Regen+ Dex+3 Stlth+} (You found it on level 5 of the Shoals)
 48473 | Shoals:5 | Killed Ilsuiw
 48918 | Shoals:5 | Found Feamp's Weapon Emporium.
 49552 | Vaults:1 | Entered Level 1 of the Vaults
 50015 | Vaults:1 | Received a gift from Okawaru
 50093 | Vaults:1 | Reached skill level 23 in Slings
 50185 | Vaults:1 | Noticed Donald
 50201 | Vaults:1 | Killed Donald
 50231 | Vaults:1 | Noticed Agnes
 50261 | Vaults:1 | Paralysed by Agnes for 5 turns
 50361 | Vaults:1 | Got a crude chain mail
 50397 | Vaults:1 | Found Bleess' Magic Scroll Shoppe.
 50861 | Vaults:1 | Paralysed by Agnes for 4 turns
 50875 | Vaults:1 | Killed Agnes
 51815 | Vaults:2 | Reached XP level 21. HP: 148/154 MP: 22/31
 51878 | Vaults:2 | Received a gift from Okawaru
 52156 | Vaults:2 | Noticed Mennas
 52319 | Vaults:2 | Found Wajif's Antique Weapon Shoppe.
 53244 | Vaults:3 | Received a gift from Okawaru
 53787 | Vaults:3 | Received a gift from Okawaru
 53806 | Vaults:3 | Paralysed by a sphinx for 3 turns
 53848 | Vaults:3 | HP: 4/155 [sphinx/divine providence (10)]
 53848 | Vaults:3 | Killed from afar by a sphinx

Action                   |  1- 3 |  4- 6 |  7- 9 | 10-12 | 13-15 | 16-18 | 19-21 || total
-------------------------+-------+-------+-------+-------+-------+-------+-------++-------
Melee: Short sword       |    15 |    78 |    26 |       |       |       |       ||   119
       Dagger            |       |       |   156 |   305 |     3 |       |       ||   464
       War axe           |       |       |       |       |    74 |    71 |       ||   145
       Hunting sling     |       |       |       |       |       |     1 |     1 ||     2
       Quick blade       |       |       |       |       |       |   275 |   167 ||   442
 Fire: Hunting sling     |    46 |   164 |   381 |   789 |   870 |  1903 |  1957 ||  6110
       Greatsling        |       |       |       |   335 |   787 |       |       ||  1122
Invok: Finesse           |       |       |       |       |       |       |     1 ||     1
       Heroism           |       |       |       |       |       |       |     1 ||     1
 Abil: Evoke Flight      |       |       |     2 |     1 |       |       |       ||     3
Evoke: Wand              |       |     1 |     1 |     2 |     1 |     1 |    12 ||    18
       Rod               |       |       |       |       |       |     2 |       ||     2
  Use: Potion            |       |     6 |     5 |     6 |     3 |     3 |     6 ||    29
       Scroll            |       |       |     8 |     4 |    19 |     7 |    10 ||    48
 Stab: Sleeping          |     1 |     1 |     6 |     1 |       |       |     1 ||    10
       Distracted        |       |       |     1 |       |       |     1 |       ||     2
  Eat: Chunk             |       |     4 |    14 |    16 |    29 |    33 |    21 ||   117
       Beef jerky        |       |     1 |     2 |       |     3 |     2 |     2 ||    10
       Fruit             |       |       |       |     6 |       |     2 |       ||     8
       Meat ration       |       |       |       |     1 |     1 |     1 |     1 ||     4
       Pizza             |       |       |       |     1 |       |     1 |     1 ||     3
       Bread ration      |       |       |       |       |     1 |     1 |     1 ||     3
